 Dungeon Crawl Stone Soup version 0.25.0-9-g26727b657a (webtiles) character file.

Game seed: 16271447969589442270

16151 mopl the Spear-Bearer (level 12, -15/94 HPs)
             Began as a Merfolk Skald on June 17, 2020.
             Was a Priest of Yredelemnul.
             Killed from afar by a wizard (50 damage)
             ... with a crystal spear
             ... in a volcano.
             The game lasted 00:27:21 (13863 turns).

mopl the Spear-Bearer (Merfolk Skald)              Turns: 13863, Time: 00:27:22

Health: -15/94     AC: 11    Str: 19    XL:     12   Next: 34%
Magic:  0/20       EV: 17    Int:  9    God:    Yredelemnul [***...]
Gold:   545        SH:  0    Dex: 13    Spells: 7/15 levels left

rFire    . . .     SeeInvis .   a - +1 trident (vorpal)
rCold    . . .     Gourm    .   (no shield)
rNeg     . . .     Faith    .   E - +0 troll leather armour
rPois    .         Spirit   +   y - +0 helmet
rElec    .         Reflect  .   l - +1 cloak
rCorr    .         Harm     .   N - +2 pair of gloves {Str+3}
MR       +....                  (no boots)
Stlth    +.........             A - amulet of guardian spirit
HPRegen  0.65/turn              o - -4 ring of intelligence (curse)
MPRegen  0.17/turn              L - ring of protection from magic

@: mighty, stab
A: change form in water, swift swim, stealthy swim
a: Recall Undead Slaves, Injury Mirror, Animate Dead, Renounce Religion


You were in a volcano.
You worshipped Yredelemnul.
Yredelemnul was most pleased with you.
You were not hungry.

You visited 3 branches of the dungeon, and saw 13 of its levels.
You also visited: Sewer and Volcano.

You collected 743 gold pieces.
You spent 198 gold pieces at shops.

Inventory:

Hand Weapons
 a - a +1 vorpal trident (weapon)
 P - a +0 battleaxe of flaming
Missiles
 e - 54 poisoned darts (quivered)
 h - 9 boomerangs
 j - 8 javelins
 k - 4 curare-tipped darts
 J - 2 throwing nets
Armour
 l - a +1 cloak (worn)
 u - the +1 leather armour of the Sparrow {rPois rN+ Dex-3}
   (You found it on level 11 of the Dungeon)

   It affects your dexterity (-3).
   It protects you from poison.
   It protects you from negative energy.
 y - a +0 helmet (worn)
 B - +0 steam dragon scales
 E - a +0 troll leather armour (worn)
 N - a +2 pair of gloves of strength (worn)
 Q - a +3 scale mail of fire resistance
Jewellery
 b - an uncursed ring of protection from cold
 o - a cursed -4 ring of intelligence (left hand)
 w - an uncursed ring of flight
 A - an amulet of guardian spirit (around neck)
 I - a +4 ring of protection
 L - a ring of protection from magic (right hand)
Wands
 C - a wand of digging (5)
 F - a wand of flame (30)
 K - a wand of paralysis (9)
 M - a wand of disintegration (13)
Scrolls
 f - a scroll of magic mapping
 i - 5 scrolls of enchant armour
 n - a scroll of fear
 r - 3 scrolls of fog
 s - 4 scrolls of teleportation
 t - 2 scrolls of blinking
 z - 5 scrolls of identify
 D - a scroll of brand weapon
 O - a scroll of immolation
Potions
 g - 5 potions of brilliance
 m - 5 potions of curing
 p - 3 potions of heal wounds
 q - a potion of magic
 v - 7 potions of flight
 x - 2 potions of lignification
 G - a potion of stabbing
 H - 2 potions of invisibility
Comestibles
 c - 8 rations


   Skills:
 + Level 8.4 Fighting
 + Level 14.2 Polearms
 + Level 5.6 Throwing
 + Level 5.6 Armour
 + Level 9.8 Dodging
 - Level 2.0 Spellcasting
 - Level 3.2 Charms
 * Level 10.7 Invocations


You had 7 spell levels left.
You knew the following spells:

 Your Spells              Type           Power        Failure   Level  Hunger
a - Infusion              Chrm           #...         10%         1    ##.....
b - Song of Slaying       Chrm           #.......     16%         2    ###....
c - Spectral Weapon       Hex/Chrm       #.......     52%         3    ####...
f - Shroud of Golubria    Chrm/Tloc      #.....       30%         2    ###....

Your spell library contained the following spells:

 Spells                   Type           Power        Failure   Level  Hunger
 Beastly Appendage        Tmut           #.....       36%         1    ##.....
 Corona                   Hex            #......      36%         1    ##.....
 Foxfire                  Conj/Fire      #...         36%         1    ##.....
 Summon Small Mammal      Summ           #...         36%         1    ##.....
 Call Imp                 Summ           #.......     50%         2    ###....
 Slow                     Hex            #.......     50%         2    ###....
 Sticks to Snakes         Tmut           #.......     50%         2    ###....
 Ozocubu's Armour         Chrm/Ice       #.......     52%         3    ####...
 Call Canine Familiar     Summ           #.......     75%         3    ####...
 Confusing Touch          Hex            #.......     75%         3    ####...
 Conjure Flame            Conj/Fire      #.......     75%         3    ####...
 Gell's Gravitas          Tloc           #.........   75%         3    ####...
 Inner Flame              Hex/Fire       #.......     75%         3    ####...
 Portal Projectile        Hex/Tloc       #.....       75%         3    ####...
 Spider Form              Tmut/Pois      #.........   75%         3    ####...
 Summon Guardian Golem    Hex/Summ       #.......     75%         3    ####...
 Cause Fear               Hex            #.........   98%         4    #####..
 Ice Form                 Ice/Tmut       #.......     98%         4    #####..
 Leda's Liquefaction      Hex/Erth       #.........   98%         4    #####..
 Petrify                  Tmut/Erth      #.......     98%         4    #####..
 Sticky Flame             Conj/Fire      #.......     98%         4    #####..
 Summon Ice Beast         Ice/Summ       #.......     98%         4    #####..
 Summon Lightning Spire   Summ/Air       #.......     98%         4    #####..
 Blade Hands              Tmut           #.........   100%        5    ######.
 Fireball                 Conj/Fire      #.........   100%        5    ######.
 Metabolic Englaciation   Hex/Ice        #.........   100%        5    ######.
 Yara's Violent Unravell  Hex/Tmut       #.........   100%        5    ######.


Dungeon Overview and Level Annotations

Branches:
Dungeon (11/15)            Temple (1/1) D:4            Lair (1/6) D:9
  Sewer (visited)         Volcano (1/1)
    Orc: D:9-12

Altars:
Ashenzari
Cheibriados
Elyvilon
Fedhas
Gozag
Hepliaklqana
Kikubaaqudgha
Makhleb
Nemelex Xobeh
Okawaru
Qazlal
Ru
Sif Muna
Trog
Uskayaw
Vehumet
Yredelemnul
Zin
The Shining One

Shops:
D:9 [   D:10 [   D:11 *

Annotations:
D:7 bb


Message History

You resist with almost no effort.
You feel much better.
The wizard hits you with a +1 mace of flaming.
The wizard burns you.
You miss the wizard.
The wizard is lightly wounded.
The wizard misses you.
You puncture the wizard!
The wizard is moderately wounded.
The wizard casts a spell at you. The bolt of cold misses you.
You impale the wizard!!
The wizard is severely wounded.
You miss the wizard.
The wizard is severely wounded.
The wizard points at you and mumbles some strange words.
The crystal spear hits you!!!
Ouch! That really hurt!
You die...
Your body rises from the dead as a mindless zombie.

#.'()[)...#.#
################.#
......#.....'....#
...p..'.∩.######## #8p.###
#+################'##.##
....#.#.).#.)....#..#..###
∩.∩.'.#'#####'#+###.'..≈.#
....#...........@p..#≈≈≈≈≈§
#####################§≈≈≈§#
≈°°§≈≈≈§§§≈≈≈≈§§≈≈≈≈§≈≈§§§≈
≈≈≈§§≈≈≈§§≈§≈≈≈§≈≈≈≈§≈≈≈≈≈≈
≈§≈≈§§≈≈≈≈≈##≈≈###≈≈§≈≈≈≈≈#
§≈≈≈≈§≈≈§≈###### ###§§§§≈##
≈§≈≈§§≈≈### ##≈≈##
##§≈≈§≈## ###


You could see a wizard (fast).

Vanquished Creatures
  Harold (D:9)
  A dancing weapon (Volcano)
  A two-headed ogre (D:9)
  2 unseen horrors (D:11)
  2 wizards (Volcano)
  3 toenail golems (Volcano)
  Joseph (D:9)
  A cyclops (D:11)
  Maggie (D:6)
  A spiny frog (Lair:1)
  3 trolls (D:11)
  Grinder (Sewer)
  A hornet (D:11)
  2 hippogriffs (D:10)
  A spriggan (D:6)
  Sigmund (D:3)
  2 wraiths (D:11)
  3 wyverns
  3 fire bats (Lair:1)
  13 yaks
  A hungry ghost (D:11)
  A soldier ant (shapeshifter) (D:10)
  An acid dragon (D:10)
  3 water moccasins
  A porcupine (Lair:1)
  2 orc warriors
  A black bear (D:10)
  3 ice beasts
  A sky beast (D:10)
  7 ogres
  A necrophage (D:10)
  5 phantoms
  2 centaurs
  A crocodile (Lair:1)
  2 big kobolds
  8 bullfrogs
  2 wyvern skeletons
  2 scorpions
  A wight (Sewer)
  A howler monkey (D:5)
  A bullfrog zombie (D:11)
  6 crimson imps
  A quasit (D:8)
  3 orc priests
  A jelly (D:6)
  3 hounds
  A centaur skeleton (D:4)
  4 bullfrog skeletons
  6 iguanas
  An orc wizard (D:11)
  6 worker ants
  3 big kobold zombies (Sewer)
  2 hound zombies (D:6)
  2 hound skeletons
  5 gnolls
  A worker ant zombie (D:6)
  13 adders
  10 shadow imps
  An ufetubus (Sewer)
  An adder skeleton (D:4)
  5 worms
  3 dart slugs
  7 leopard geckos
  24 orcs
  8 ball pythons
  A bat zombie (Sewer)
  8 giant cockroaches
  5 goblins
  3 hobgoblins
  5 jackals
  5 quokkas
  10 bats
  2 frilled lizards
  30 kobolds
  2 kobold zombies (Sewer)
  A quokka zombie (D:9)
  12 rats
292 creatures vanquished.

Notes
Turn   | Place    | Note
-------+----------+-------------------------------------------
     0 | D:1      | mopl the Merfolk Skald began the quest for the Orb.
     0 | D:1      | Reached XP level 1. HP: 16/16 MP: 3/3
   107 | D:1      | Reached skill level 4 in Polearms
   107 | D:1      | Reached XP level 2. HP: 21/22 MP: 5/5
   166 | D:1      | Learned a level 2 spell: Song of Slaying
   169 | D:1      | Learned a level 2 spell: Shroud of Golubria
   471 | D:1      | Reached skill level 5 in Polearms
   471 | D:1      | Reached XP level 3. HP: 6/27 MP: 0/6
  1361 | D:2      | Noticed Sigmund
  1362 | D:2      | Reached skill level 6 in Polearms
  1384 | D:3      | Reached XP level 4. HP: 17/33 MP: 3/7
  1945 | D:2      | Reached skill level 7 in Polearms
  2192 | D:2      | Reached XP level 5. HP: 24/38 MP: 3/8
  2361 | D:2      | Learned a level 3 spell: Spectral Weapon
  2656 | D:2      | Noticed a phantom
  2684 | D:2      | Killed a phantom
  2684 | D:2      | Reached skill level 8 in Polearms
  2807 | D:3      | Reached XP level 6. HP: 34/44 MP: 9/9
  2808 | D:3      | Reached skill level 9 in Polearms
  3315 | D:3      | Killed Sigmund
  3315 | D:3      | Reached skill level 10 in Polearms
  3315 | D:3      | Reached XP level 7. HP: 31/50 MP: 6/10
  3649 | D:4      | Reached skill level 1 in Armour
  4242 | D:4      | Found a staircase to the Ecumenical Temple.
  4323 | D:4      | Reached skill level 11 in Polearms
  4372 | Temple   | Entered the Ecumenical Temple
  4556 | Temple   | Became a worshipper of Yredelemnul the Dark
  4629 | D:4      | You fall into a shaft and drop 1 floor!
  4629 | D:5      | Entered Level 5 of the Dungeon
  4660 | D:5      | Reached skill level 1 in Invocations
  4660 | D:5      | Reached XP level 8. HP: 34/58 MP: 2/11
  4739 | D:5      | Found a glowing drain.
  4775 | Sewer    | Entered a sewer
  4878 | Sewer    | Reached * piety under Yredelemnul
  4948 | Sewer    | Found an ancient bone altar of Kikubaaqudgha.
  5017 | Sewer    | Noticed Grinder
  5052 | Sewer    | Killed Grinder
  5367 | Sewer    | Reached skill level 5 in Dodging
  5510 | D:5      | Found a bloodstained altar of Trog.
  5814 | D:6      | Reached XP level 9. HP: 63/66 MP: 2/12
  6075 | D:6      | Noticed Maggie
  6109 | D:6      | Killed Maggie
  6109 | D:6      | Reached skill level 5 in Invocations
  6442 | D:6      | Reached skill level 5 in Fighting
  6478 | D:6      | Reached skill level 12 in Polearms
  6676 | D:7      | Found a glowing silver altar of Zin.
  6992 | D:7      | Noticed an eight-headed hydra
  7141 | D:7      | Reached ** piety under Yredelemnul
  7141 | D:7      | Reached skill level 1 in Throwing
  8062 | D:8      | Reached XP level 10. HP: 54/76 MP: 9/15
  8661 | D:9      | Noticed Joseph
  8678 | D:9      | Killed Joseph
  8778 | D:9      | Found a staircase to the Lair.
  8808 | D:9      | Noticed Harold
  8852 | D:9      | Killed Harold
  9125 | D:9      | Found Ynyatiow's Armour Shoppe.
  9221 | D:9      | Found an ancient bone altar of Kikubaaqudgha.
  9381 | D:9      | Noticed a two-headed ogre
  9393 | D:9      | Killed a two-headed ogre
  9393 | D:9      | Reached skill level 13 in Polearms
  9478 | D:10     | Entered Level 10 of the Dungeon
  9618 | D:10     | Found Tiarib's Antique Armour Boutique.
  9632 | D:10     | Bought a pair of glowing gloves for 142 gold pieces
  9745 | D:10     | Reached *** piety under Yredelemnul
  9745 | D:10     | Reached XP level 11. HP: 59/82 MP: 1/17
 10594 | D:10     | Noticed a cyclops
 10594 | D:10     | a water nymph changed into a cyclops
 10759 | D:10     | Noticed an orb spider
 10759 | D:10     | a hippogriff changed into an orb spider
 10767 | D:10     | Noticed an orb spider
 10942 | D:11     | Found a shimmering blue altar of Sif Muna.
 11161 | D:11     | Paralysed by fainting for 12 turns
 11266 | D:11     | Noticed a cyclops
 11283 | D:11     | Killed a cyclops
 11283 | D:11     | Reached skill level 5 in Armour
 11364 | D:11     | Paralysed by a hornet for 2 turns
 11377 | D:11     | Received a gift from Yredelemnul (a wight)
 11927 | D:11     | Killed an unseen horror
 11934 | D:11     | Got a pitted leather armour
 11945 | D:11     | Identified the +1 leather armour of the Sparrow {rPois rN+
                  | Dex-3} (You found it on level 11 of the Dungeon)
 12326 | D:11     | Found Kimp's General Store.
 12359 | D:11     | Killed an unseen horror
 12371 | D:11     | Reached skill level 5 in Throwing
 12380 | D:11     | Bought a scroll of identify for 28 gold pieces
 12380 | D:11     | Bought a scroll of identify for 28 gold pieces
 12557 | D:11     | Reached skill level 10 in Invocations
 13122 | Lair:1   | Entered Level 1 of the Lair of Beasts
 13214 | Lair:1   | Reached XP level 12. HP: 92/92 MP: 19/19
 13391 | Lair:1   | Found a dark tunnel.
 13402 | Volcano  | Entered a volcano
 13427 | Volcano  | Reached skill level 14 in Polearms
 13857 | Volcano  | HP: 1/94 [wizard/crystal spear (37)]
 13863 | Volcano  | Killed from afar by a wizard

Illustrated notes

Levels and vault maps discovered:
D:1:      lightli_arrival_farm, layout_rooms, chequers_serial_rivers_small_b
D:2:      layout_basic, uniq_sigmund
D:3:      layout_rooms, minmay_misc_feat_four_crosses
D:4:      layout_basic, marbit_many_paths, minmay_temple_entry_nine_rooms,
          first_ration
D:5:      layout_cave_pools, cheibrodos_sewer_entry_drain, trog_book
D:6:      layout_gridville, uniq_maggie
D:7:      layout_cave_pools, zin_academy,
          chequers_temple_overflow_statue_of_worship, the_bakery
D:8:      layout_loops_corners
D:9:      layout_grid_maze, kiku_gazebo_pond_becter, lair_entry_dummy,
          serial_shops, shop, uniq_harold, uniq_joseph
D:10:     layout_gridville, serial_shops, shop, kennysheep_cross_room,
          minmay_three_doors
D:11:     layout_basic, serial_shops, shop_statue,
          eino_small_chamber_without_monster, lemuel_statue_altar
Temple:   eino_temple_scatter_basement
Lair:1:   layout_cave_shapes, nicolae_volcano_entry_batcave,
          hangedman_lair_unloving_vines, serial_bayou_shore_b,
          grunt_megastairs_4, infiniplex_staircase_pool_2
Volcano:  volcano_bunker

Skill      XL: |  1  2  3  4  5  6  7  8  9 10 11 12 |
---------------+-------------------------------------+-----
Polearms       | 4 5 6 7 8 10 11 12 13 14 | 14.2
Armour         | 1 2 3 4 5 |  5.6
Dodging        | 4 5 6 8 9 |  9.8
Fighting       | 3 4 5 6 8 |  8.4
Invocations    | 1 4 6 8 10 | 10.7
Throwing       | 1 3 5 |  5.6
Spellcasting   | |  2.0
Charms         | |  3.2

Action                   |  1- 3 |  4- 6 |  7- 9 | 10-12 || total
-------------------------+-------+-------+-------+-------++-------
Melee: Spear             |   157 |   140 |   178 |       ||   475
       Trident           |       |       |   526 |   914 ||  1440
       Tailslap          |       |       |    14 |       ||    14
Throw: Dart              |       |    10 |    14 |    17 ||    41
 Cast: Infusion          |     4 |    10 |    13 |     8 ||    35
       Song of Slaying   |       |       |       |     5 ||     5
Invok: Injury Mirror     |       |       |       |     2 ||     2
Evoke: Wand              |       |       |     3 |     7 ||    10
  Use: Potion            |       |     3 |       |     5 ||     8
       Scroll            |       |     5 |     7 |     9 ||    21
 Stab: Sleeping          |     1 |       |     7 |     4 ||    12
       Distracted        |       |       |       |     1 ||     1
  Eat: Chunk             |     1 |     7 |    15 |    17 ||    40
       Ration            |       |       |       |     2 ||     2
Armor: Leather armour    |    28 |    29 |    43 |     6 ||   106
       Steam dragon scal |       |       |    62 |   134 ||   196
       Skin              |       |       |       |     5 ||     5
       Troll leather arm |       |       |       |    51 ||    51
Dodge: Dodged            |    88 |    80 |   298 |   363 ||   829
